 Dungeon Crawl Stone Soup version 0.31-a0-204-g7da18cac08 (webtiles) character file.

Game seed: 4552464202106399397

5 lunkers the Stinger (level 2, 0/20 HPs)
             Began as a Meteoran Wanderer on June 27, 2023.
             Slain by a jackal (2 damage)
             ... on level 1 of the Dungeon.
             The game lasted 00:00:39 (78 turns).

lunkers the Stinger (Meteoran Wanderer)               Turns: 78, Time: 00:00:40

Health: 0/20       AC:  2    Str: 14    XL:     2   Next: 5%
Magic:  0/5        EV: 11    Int: 15    God:
Gold:   10         SH:  0    Dex: 10    Spells: 2/3 levels left

rFire   . . .        a - +0 club
rCold   . . .        (no shield)
rNeg    . . .        c - +0 robe
rPois   .            (no helmet)
rElec   .            (no cloak)
rCorr   .            (no gloves)
SInv    .            (no boots)
Will    .....        (no amulet)
Stlth   +            (no ring)
HPRegen 0.23/turn    (no ring)
MPRegen 0.09/turn

%: no passive effects
@: glowing
A: sense surroundings 1, otherworldly, glowing, explore regen
a: no special abilities


You were on level 1 of the Dungeon.
You visited 1 branch of the dungeon, and saw 1 of its levels.

You collected 10 gold pieces.

Inventory:

Hand Weapons
 a - a +0 club (weapon)
Armour
 c - a +0 robe (worn)
Wands
 d - a wand of polymorph (5)
Potions
 b - a potion of attraction


   Skills:
 * Level 1.2 Unarmed Combat
 - Level 1.3 Spellcasting
 - Level 2.1 Necromancy
 + Level 0.7 Transmutations
 - Level 4.8 Poison Magic
 - Level 3.6 Evocations


You had 2 spell levels left.
You knew the following spells:

 Your Spells              Type           Power      Damage    Failure   Level
p - Sting                 Tmut/Pois      36%        1d4       8%          1

Your spell library contained the following spells:

 Spells                   Type           Power      Damage    Failure   Level
 Necrotise                Necr           28%        1d5       10%         1
 Cigotuvi's Dreadful Rot  Necr/Pois/Air  16%        N/A       14%         2
 Spider Form              Tmut/Pois      9%         N/A       22%         3
 Vampiric Draining        Necr           7%         2d6       28%         3


Dungeon Overview and Level Annotations

Branches:
Dungeon (1/15) Zot: 517

Altars:


Innate Abilities, Weirdness & Mutations

You passively map a small area around you.
You are easily found by Zot.
You glow in the dark.
You regain HP and MP as you explore.


Message History

You hit the jackal.
The jackal is almost dead.
The jackal bites you.
* * * LOW HITPOINT WARNING * * *
The jackal bites you.
* * * LOW HITPOINT WARNING * * *
Aiming: Sting (safe; 9% risk of failure)
Press: ? - help, Q - select action, (/) - cycle Shift-Dir - straight line, f - jackal
Aim: a jackal (almost dead, 60% to hit)
The sting hits the jackal.
The jackal is poisoned.
You kill the jackal!
Your Unarmed Combat skill increases to level 1!
Unknown command.
You hit the jackal.
The jackal is almost dead.
The jackal barely misses you. The jackal misses you.
You barely miss the jackal.
The jackal is almost dead.
The jackal bites you but does no damage.
The jackal bites you.
* * * LOW HITPOINT WARNING * * *
You hit the jackal.
You kill the jackal!
The jackal bites you.
* * * LOW HITPOINT WARNING * * *
You have reached level 2!
You closely miss the jackal.
The jackal bites you but does no damage.
The jackal bites you.
* * * LOW HITPOINT WARNING * * *
You completely miss the jackal.
A jackal comes into view.
The jackal bites you but does no damage.
Unknown command.
You closely miss the jackal.
The jackal barks!
The jackal bites you.
* * * LOW HITPOINT WARNING * * *
The jackal bites you.
You die...

* , * , ,*
###############. , *
#####...>...........
)#####..........########.
...........####h#
........#### #.#######. ,
#######.# #.@hhhh... ,
#.# ############., #.#
#...# #.####.#.### ,
#######.##...#...# *
#..........#####.########
* ...######### #........#
* ,* ##.## ##.#####.#
##...## #.#


You could see 5 jackals.

Vanquished Creatures
  An endoplasm (D:1)
  3 jackals (D:1)
4 creatures vanquished.

Notes
Turn   | Place    | Note
-------+----------+-------------------------------------------
     0 | D:1      | lunkers the Meteoran Wanderer began the quest for the Orb.
     0 | D:1      | lunkers set off with the following items: a +0 club, a
                  | potion of attraction, a +0 robe, a wand of polymorph (5);
                  | and the following spells available to memorise: Sting,
                  | Necrotise, Cigotuvi's Dreadful Rot, Spider Form, Vampiric
                  | Draining.
     0 | D:1      | Reached XP level 1. HP: 14/14 MP: 3/3
     2 | D:1      | Learned a level 1 spell: Sting
    73 | D:1      | Reached skill level 1 in Unarmed Combat
    76 | D:1      | Reached XP level 2. HP: 4/20 MP: 0/5
    78 | D:1      | Slain by a jackal

Illustrated notes

Levels and vault maps discovered:
D:1:      mrwooster_arrival_arrow, layout_loops_ring, serial_shops,
          nicolae_shop_getting_attention, basic_ecumenical_altar,
          minmay_tiny_reverse_x

Skill      XL: |  1 |
---------------+----+-----
Unarmed Combat | 1 |  1.2
Spellcasting   | |  1.3
Necromancy     | |  2.1
Transmutations | |  0.7
Poison Magic   | |  4.8
Evocations     | |  3.6

Action                     || total
---------------------------++-------
  Melee: Club              ||    13
   Cast: Sting             ||     5
 Armour: Robe              ||     3
  Dodge: Dodged            ||     5

Table legend: (Time is in decaauts)
 A = Elapsed time spent in this place.
 B = Non-inter-level travel time spent in this place.
 C = Inter-level travel time spent in this place.
 D = Time resting spent in this place.
 E = Time spent auto-exploring this place.
 F = Levels seen in this place.
 G = Mean time per level.
                   A        B        C        D        E       F      G
               +--------+--------+--------+--------+--------+-----+--------+
         Total |     81 |     81 |      0 |      0 |     54 |   1 |   81.0 |
       Dungeon |     81 |     81 |      0 |      0 |     54 |   1 |   81.0 |
               +--------+--------+--------+--------+--------+-----+--------+

Top non-repeatable levels by time:
     D:1: 81 daAuts
